 Dungeon Crawl Stone Soup version 0.25-a0-294-gea9b1ad378 (webtiles) character file.

Game seed: 4025560021455163372, levelgen mode: classic

6442 Borgoz the Basher (level 10, 0/65 HPs)
             Began as a Gargoyle Berserker on Dec 19, 2019.
             Was a High Priest of Trog.
             Killed by divine providence
             ... invoked by an orc priest
              (16 damage)
             ... on level 9 of the Dungeon.
             The game lasted 00:13:24 (8465 turns).

Borgoz the Basher (Gargoyle Berserker)              Turns: 8465, Time: 00:13:25

Health: 0/65       AC: 19    Str: 21    XL:     10   Next: 99%
Magic:  10/10      EV: 13    Int:  9    God:    Trog [*****.]
Gold:   376        SH:  0    Dex: 12    Spells: 9/9 levels left

rFire    + . .     SeeInvis .   a - +9 great mace
rCold    + + .     Gourm    .   (shield currently unavailable)
rNeg     + . .     Faith    .   y - +0 scale mail "Hocuw" {rC++ Str-3}
rPois    ∞         Spirit   .   (no helmet)
rElec    +         Reflect  .   t - +0 cloak {MR+}
rCorr    +         Harm     .   A - +0 pair of gloves
MR       .....                  n - +0 pair of boots
Stlth    +.........             v - amulet of the acrobat
HPRegen  0.20/turn              E - ring "Kautres" {rF+ MR- Str+4 Slay+4 Stlth+}
MPRegen  0.12/turn              w - ring of resist corrosion

@: no status effects
A: negative energy resistance 1, electricity resistance, unbreathing,
petrification resistance, rot immunity, AC +7
a: Berserk, Trog's Hand, Brothers in Arms, Renounce Religion


You were on level 9 of the Dungeon.
You worshipped Trog.
Trog was extremely pleased with you.
You were very hungry.

You visited 1 branch of the dungeon, and saw 9 of its levels.

You collected 544 gold pieces.
You spent 168 gold pieces at shops.

Inventory:

Hand Weapons
 a - a +9 great mace (weapon)
 k - a +0 morningstar
Armour
 n - a +0 pair of boots (worn)
 t - a +0 cloak of magic resistance (worn)
 y - the +0 scale mail "Hocuw" (worn) {rC++ Str-3}
   (You found it on level 5 of the Dungeon)

   It affects your strength (-3).
   It greatly protects you from cold.
 A - a +0 pair of gloves (worn)
Jewellery
 v - an amulet of the acrobat (around neck)
 w - a ring of resist corrosion (right hand)
 E - the ring "Kautres" (left hand) {rF+ MR- Str+4 Slay+4 Stlth+}
   (You found it on level 5 of the Dungeon)

   [ring of stealth]

   It affects your strength (+4).
   It affects your accuracy and damage with ranged weapons and melee attacks
   (+4).
   It protects you from fire.
   It affects your resistance to hostile enchantments.
   It makes you more stealthy.
Wands
 s - a wand of polymorph (7)
 B - a wand of flame (24)
 D - a wand of acid (2)
Scrolls
 b - 3 scrolls of fog {unknown}
 d - 5 scrolls of teleportation
 g - 3 scrolls of blinking {unknown}
 h - 5 scrolls of remove curse
 m - 3 scrolls of fear {unknown}
 o - 3 scrolls of enchant armour {unknown}
 q - 4 scrolls of amnesia {unknown}
 r - a scroll of summoning {unknown}
 u - 3 scrolls of enchant weapon
Potions
 e - 3 potions of haste
 f - 5 potions of heal wounds
 i - 2 potions of curing
 j - 3 potions of agility
 l - 3 potions of berserk rage
 p - 2 potions of resistance
 z - 2 potions of mutation {unknown}
 C - a potion of lignification
Comestibles
 c - 12 rations
 x - 7 chunks of flesh


   Skills:
 + Level 8.6 Fighting
 * Level 10.7 Maces & Flails
 + Level 8.3 Armour
 + Level 6.3 Dodging


You had 9 spell levels left.
You didn't know any spells.
Your spell library was empty.

Dungeon Overview and Level Annotations

Branches:
Dungeon (9/15)             Temple (0/1) D:4
   Lair: D:8-11         Orc: D:9-12

Altars:
Ashenzari
Okawaru
Ru
Trog
Vehumet
Yredelemnul

Shops:
D:5 ?   D:7 %

Annotations:
D:4 2 transporters, Borgoz's ghost, amateur GrBe
D:5 4 runed translucent doors


Innate Abilities, Weirdness & Mutations

You are resistant to torment.
Your stone body is resilient. (AC +7)
You are immune to poison.
You resist negative energy. (rN+)
You are resistant to electric shocks. (rElec)
You can survive without breathing.
You are immune to petrification.
You are immune to rotting.


Message History

You crush the necrophage like a grape!!!
You destroy the necrophage!
Trog accepts your kill. The orc barely misses you.
The orc priest calls down the wrath of Beogh upon you.
Beogh smites you!
The orc hits you from afar with a +0 trident.
* * * LOW HITPOINT WARNING * * *
You hit the orc priest.
The orc priest is moderately wounded.
The orc priest closely misses you.
The orc hits you from afar with a +0 trident.
* * * LOW HITPOINT WARNING * * *
The orc priest begins to cast a cantrip, but forgets the words!
The orc hits you but does no damage.
You thump the orc priest!
The orc priest is severely wounded.
The orc priest calls down the wrath of Beogh upon you.
Beogh smites you!
You die...

#####..................
......................#
......................#
.###########÷)).......#
.# ........'..).......#
)# ........#.÷........#
.# ........#.......###
.# ........#.?.)o..# .#
.....#'##....@o.#
.########.......P..P....
.................P......
..................P.....
........#####.......###.
........ #....$...
........ #####.....
........ .....# ........


You could see an orc priest and an orc.

Vanquished Creatures
  Gastronok (D:8)
  A two-headed ogre (D:8)
  Prince Ribbit (D:6)
  A hippogriff (D:9)
  A wyvern (D:8)
  2 hungry ghosts
  A water moccasin (D:8)
  An orc warrior (D:7)
  2 sky beasts (D:8)
  An ice beast (D:7)
  2 necrophages (D:9)
  A centaur (D:8)
  3 ogres (D:8)
  4 bullfrogs
  A wyvern zombie (D:9)
  A scorpion (D:6)
  7 wights
  7 howler monkeys
  5 crimson imps
  2 centaur zombies (D:6)
  A quasit (D:5)
  3 bullfrog zombies
  2 bullfrog skeletons
  3 hounds
  2 jellies (D:8)
  4 orc priests
  Crazy Yiuf (D:6)
  A centaur skeleton (D:8)
  8 orc wizards
  5 iguanas
  3 hell rats (D:6)
  2 worker ants
  A hound zombie (D:8)
  3 mummies (D:9)
  2 hound skeletons
  A howler monkey zombie (D:6)
  12 adders
  4 river rats (D:6)
  5 shadow imps
  2 oozes (D:2)
  2 adder skeletons
  2 adder zombies (D:9)
  6 dart slugs
  4 leopard geckos
  23 orcs
  7 bats
  5 giant cockroaches
  11 goblins
  10 hobgoblins
  4 jackals
  4 quokkas
  2 ball pythons
  2 frilled lizards
  A jackal skeleton (D:4)
  A jackal zombie (D:5)
  6 kobolds
  A quokka zombie (D:8)
  24 rats
225 creatures vanquished.

Notes
Turn   | Place    | Note
-------+----------+-------------------------------------------
     0 | D:1      | Borgoz the Gargoyle Berserker began the quest for the Orb.
     0 | D:1      | Reached XP level 1. HP: 14/14 MP: 1/1
   197 | D:1      | Reached XP level 2. HP: 19/19 MP: 2/2
   478 | D:1      | Reached XP level 3. HP: 22/23 MP: 3/3
   695 | D:1      | Reached ** piety under Trog
   857 | D:2      | Found a sacrificial altar of Ru.
   878 | D:2      | Reached XP level 4. HP: 24/29 MP: 4/4
  1352 | D:2      | Found a basalt altar of Yredelemnul.
  1356 | D:2      | Found an iron altar of Okawaru.
  1356 | D:2      | Found a shattered altar of Ashenzari.
  1365 | D:2      | Reached skill level 4 in Maces & Flails
  1437 | D:3      | Reached XP level 5. HP: 2/33 MP: 5/5
  2604 | D:4      | Found a staircase to the Ecumenical Temple.
  2875 | D:4      | Reached *** piety under Trog
  2949 | D:4      | Noticed a necrophage
  2976 | D:4      | Found a transporter.
  3149 | D:4      | Reached XP level 6. HP: 23/39 MP: 6/6
  3212 | D:4      | Found a transporter.
  3212 | D:4      | Noticed Borgoz's ghost (amateur GrBe)
  3509 | D:5      | Entered Level 5 of the Dungeon
  3555 | D:5      | Got an ominously black robe
  3566 | D:5      | Identified the cursed +1 robe of the Pirate {Str+3 Dex+2}
                  | (You found it on level 5 of the Dungeon)
  3574 | D:5      | Reached skill level 5 in Maces & Flails
  3980 | D:5      | Reached XP level 7. HP: 25/44 MP: 7/7
  4592 | D:5      | Found a large runed translucent door.
  4596 | D:5      | Found a large runed translucent door.
  4596 | D:5      | Noticed a soldier ant
  4601 | D:5      | Found a large runed translucent door.
  4601 | D:5      | Found a large runed translucent door.
  4646 | D:5      | Reached skill level 5 in Fighting
  4799 | D:5      | Got a bloodstained scale mail
  4800 | D:5      | Identified the +0 scale mail "Hocuw" {rC++ Str-3} (You
                  | found it on level 5 of the Dungeon)
  4887 | D:5      | Found Cuots's Magic Scroll Shop.
  4894 | D:5      | Bought a scroll of identify for 28 gold pieces
  4894 | D:5      | Bought a scroll of identify for 28 gold pieces
  4894 | D:5      | Bought a scroll of remove curse for 42 gold pieces
  4900 | D:5      | Bought a scroll of teleportation for 42 gold pieces
  4900 | D:5      | Bought a scroll of identify for 28 gold pieces
  5017 | D:5      | Reached skill level 6 in Maces & Flails
  5020 | D:5      | Got a crude marble ring
  5024 | D:5      | Identified the ring "Kautres" {rF+ MR- Str+4 Slay+4 Stlth+}
                  | (You found it on level 5 of the Dungeon)
  5316 | D:6      | Found a runed translucent door.
  5317 | D:6      | Noticed Crazy Yiuf
  5424 | D:6      | Reached XP level 8. HP: 49/49 MP: 8/8
  5551 | D:6      | Reached **** piety under Trog
  5587 | D:6      | Found a bloodstained altar of Trog.
  5596 | D:6      | Reached skill level 5 in Armour
  5909 | D:6      | Noticed Prince Ribbit
  5925 | D:6      | Killed Prince Ribbit
  5925 | D:6      | Reached skill level 7 in Maces & Flails
  6112 | D:6      | Found the +2 ratskin cloak {+Rats rPois rN+ Str-1 Int-1
                  | Dex+1}
  6582 | D:6      | Killed Crazy Yiuf
  6649 | D:7      | Reached XP level 9. HP: 55/55 MP: 9/9
  6990 | D:7      | Found a radiant altar of Vehumet.
  7123 | D:7      | Found Rutwer's Food Emporium.
  7252 | D:8      | Reached skill level 8 in Maces & Flails
  7454 | D:8      | Reached ***** piety under Trog
  7454 | D:8      | Received a gift from Trog
  7467 | D:8      | Reached skill level 5 in Dodging
  7640 | D:8      | Reached skill level 9 in Maces & Flails
  7689 | D:8      | Noticed a two-headed ogre
  7691 | D:8      | Noticed Gastronok
  8032 | D:8      | Killed Gastronok
  8032 | D:8      | Reached skill level 10 in Maces & Flails
  8032 | D:8      | Reached XP level 10. HP: 64/64 MP: 10/10
  8038 | D:8      | Killed a two-headed ogre
  8465 | D:9      | Killed from afar by an orc priest

Levels and vault maps discovered:
D:1:      wander_arrival_peaceful_grave, layout_loops_corners,
          kennysheep_decorative_pillar
D:2:      layout_rooms, lemuel_round_altar, grunt_temple_overflow_open,
          chequers_serial_rivers_micro_d, minmay_tripent
D:3:      layout_basic, minmay_randomly_rotated_circles
D:4:      kennysheep_spiral_hall, layout_basic, minmay_temple_entry_trees,
          first_ration, gammafunk_ghost_mausoleum,
          minmay_a_box_with_orc_wizards_in_it
D:5:      layout_gridville, serial_shops, shop, minmay_hollow_rounded_squares
D:6:      wander_guarded_unrand_ratskin, layout_loops_ring, bloody_trog,
          uniq_prince_ribbit1, uniq_crazy_yiuf_cottage
D:7:      layout_rooms, vehumet_altar_wand_db, serial_shops,
          kennysheep_little_box, corexii_checkpoint_b,
          chequers_serial_rivers_micro_b
D:8:      layout_rooms, mrwooster_statue_mirror, uniq_gastronok
D:9:      layout_irregular_city, kennysheep_mini_moat, serial_undead,
          serial_undead_f, serial_undead_a, serial_undead_c, serial_undead_b,
          serial_undead_a, gammafunk_ghost_spectres

Skill      XL: |  1  2  3  4  5  6  7  8  9 10 |
---------------+-------------------------------+-----
Dodging        | 2 3 4 5 6 |  6.3
Armour         | 3 4 5 7 8 |  8.3
Maces & Flails | 4 5 6 7 10 | 10.7
Fighting       | 4 5 6 8 |  8.6

Action                   |  1- 3 |  4- 6 |  7- 9 | 10-12 || total
-------------------------+-------+-------+-------+-------++-------
Melee: Mace              |    76 |   229 |    23 |       ||   328
       Whip              |       |       |   281 |       ||   281
       Great mace        |       |       |    44 |    82 ||   126
Invok: Berserk           |       |     2 |     3 |       ||     5
       Trog's Hand       |       |     1 |     2 |     1 ||     4
Evoke: Wand              |       |       |     3 |       ||     3
  Use: Scroll            |       |     7 |     8 |     2 ||    17
       Potion            |       |       |     1 |       ||     1
 Stab: Sleeping          |     1 |     1 |     2 |       ||     4
  Eat: Chunk             |       |    13 |    14 |     1 ||    28
       Ration            |       |       |       |     1 ||     1
Armor: Animal skin       |    29 |    82 |       |       ||   111
       Robe              |       |    45 |    59 |       ||   104
       Scale mail        |       |       |    72 |    86 ||   158
Dodge: Dodged            |    59 |   189 |   205 |   111 ||   564

Table legend:
 A = Non-vault XP
 B = Vault XP
 C = Vault XP percentage of total XP
 D = Non-vault monster count
 E = Vault monster count
 F = Vault count percentage of total count
                 A         B        C        D         E       F
            +---------+---------+-------+---------+---------+-------
      Total |    5626 |    3578 |  38.9 |     165 |      60 |  26.7
            +---------+---------+-------+---------+---------+-------
        D:1 |      47 |       0 |   0.0 |      26 |       0 |   0.0
        D:2 |      80 |       2 |   2.4 |      19 |       2 |   9.5
        D:3 |      43 |      38 |  46.9 |      13 |       6 |  31.6
        D:4 |      89 |     135 |  60.3 |       4 |       5 |  55.6
        D:5 |     472 |     186 |  28.3 |      28 |       8 |  22.2
        D:6 |     596 |     475 |  44.4 |      19 |      23 |  54.8
        D:7 |     645 |       7 |   1.1 |      15 |       3 |  16.7
        D:8 |    2719 |    2193 |  44.6 |      28 |       1 |   3.4
        D:9 |     935 |     542 |  36.7 |      13 |      12 |  48.0
            +---------+---------+-------+---------+---------+-------
